 Dungeon Crawl Stone Soup version 0.26.0-15-gc6cd9f7 (webtiles) character file.

Game seed: 11513540827541038387

85 vykuza the Skirmisher (level 4, 0/36 HPs)
             Began as a Demonspawn Fighter on Jan 23, 2021.
             Succumbed to an adder's poison
             ... on level 2 of the Dungeon.
             The game lasted 00:04:37 (1700 turns).

vykuza the Skirmisher (Demonspawn Fighter)          Turns: 1700, Time: 00:04:37

Health: 0/36       AC: 10    Str: 17    XL:     4   Next: 25%
Magic:  5/5        EV:  6    Int:  9    God:
Gold:   66         SH:  8    Dex: 13    Spells: 3/3 levels left

rFire    . . .     SeeInvis .   a - +0 war axe
rCold    . . .     Faith    .   c - +0 kite shield
rNeg     . . .     Spirit   .   b - +0 scale mail
rPois    .         Reflect  .   (no helmet)
rElec    .         Harm     .   (no cloak)
rCorr    .         Rampage  .   (no gloves)
Will     .....                  g - +0 pair of boots
Stlth    ..........             (no amulet)
HPRegen  0.12/turn              (no ring)
MPRegen  0.09/turn              (no ring)

@: lethally poisoned (0 -> -5), flying
A: iridescent scales 1, miasma immunity
a: no special abilities


You were on level 2 of the Dungeon.
You visited 1 branch of the dungeon, and saw 2 of its levels.

You collected 66 gold pieces.

Inventory:

Hand Weapons
 a - a +0 war axe (weapon)
Missiles
 h - 5 poisoned darts (quivered)
Armour
 b - a +0 scale mail (worn)
 c - a +0 kite shield (worn)
 g - a +0 pair of boots (worn)
Jewellery
 j - a cursed ring of teleportation {unknown}
Scrolls
 e - 3 scrolls of remove curse {unknown}
 f - a scroll of random uselessness {unknown}
 k - a scroll of fear {unknown}
 l - a scroll of immolation {unknown}
 m - a scroll of identify {unknown}
 n - a scroll of enchant weapon {unknown}
 p - a scroll of teleportation {unknown}
Potions
 d - 2 potions of might


   Skills:
 + Level 3.6 Fighting
 + Level 2.5 Axes
 + Level 3.2 Armour
 - Level 2.6 Shields
 + Level 2.5 Invocations


You had 3 spell levels left.
You didn't know any spells.
Your spell library was empty.

Dungeon Overview and Level Annotations

Branches:
Dungeon (2/15)

Altars:


Innate Abilities, Weirdness & Mutations

You are partially covered in iridescent scales. (AC +2)
You are immune to miasma.


Message History

* * * LOW HITPOINT WARNING * * *
You feel sick. The adder barely misses you. The adder bites you.
* * * LOW HITPOINT WARNING * * *
Your scale mail prevents you from hitting the adder.
The adder is severely wounded.
* * * LOW HITPOINT WARNING * * *
You feel sick. The adder bites you.
* * * LOW HITPOINT WARNING * * *
The adder bites you but does no damage.
You slash the adder!
You kill the adder!
* * * LOW HITPOINT WARNING * * *
You feel sick.
* * * LOW HITPOINT WARNING * * *
You feel sick.
Things that are here:
a +0 dagger; an adder corpse; a goblin corpse
There is a lethal amount of poison in your body!
There is a lethal amount of poison in your body!
You die...

.#...## #....##.. ##.#
.###.####......... ...#
.........†#.#....##...#
............#.........##
#........#.#...........#
#..........#..#........#
#.........#...#.)......#
#.........#.#.........)#
#........#..#...@......#
########.#......?....###
#.............#
####.########## ...#
#####


There were no monsters in sight!

Vanquished Creatures
  3 adders (D:2)
  2 worms (D:2)
  3 dart slugs (D:2)
  3 leopard geckos (D:1)
  7 bats
  5 giant cockroaches
  9 goblins
  3 hobgoblins (D:1)
  2 frilled lizards
  3 kobolds
  3 rats
43 creatures vanquished.

Notes
Turn   | Place    | Note
-------+----------+-------------------------------------------
     0 | D:1      | vykuza the Demonspawn Fighter began the quest for the Orb.
     0 | D:1      | Reached XP level 1. HP: 18/18 MP: 1/1
   164 | D:1      | Reached skill level 1 in Invocations
   164 | D:1      | Gained mutation: You are immune to miasma. [demonic
                  | ancestry]
   164 | D:1      | Reached XP level 2. HP: 24/24 MP: 2/2
  1053 | D:1      | Reached XP level 3. HP: 27/29 MP: 4/4
  1684 | D:2      | Gained mutation: You are partially covered in iridescent
                  | scales. (AC +2) [demonic ancestry]
  1684 | D:2      | Reached XP level 4. HP: 18/35 MP: 5/5
  1698 | D:2      | HP: 1/36 [poisoned by an adder]
  1700 | D:2      | Succumbed to an adder's poison

Illustrated notes

Levels and vault maps discovered:
D:1:      minmay_arrival_loop, layout_basic
D:2:      layout_loops_cross, supply_closet_lemuel, hangedman_decor_peaks_small

Skill      XL: |  1  2  3 |
---------------+----------+-----
Axes           | 2 |  2.5
Invocations    | 1 2 |  2.5
Armour         | 3 |  3.2
Fighting       | |  3.6
Shields        | |  2.6

Action                   |  1- 3 |  4- 6 || total
-------------------------+-------+-------++-------
Melee: War axe           |   135 |    12 ||   147
Throw: Dart              |     3 |       ||     3
  Use: Potion            |       |     2 ||     2
Armor: Scale mail        |    68 |     9 ||    77
Dodge: Dodged            |    41 |     5 ||    46
Block: Kite shield       |    67 |     4 ||    71
